 Dungeon Sprint DCSS version 0.20.1-1-g8b1a95d (webtiles) character file.

259 wojtek the Cleaver (level 5, -1/53 HPs)
             Began as a Minotaur Berserker on Dec 28, 2017.
             Was a Believer of Trog.
             Slain by a slime creature (4 damage)
             ... in the Dungeon (Sprint I: "Red Sonja").
             The game lasted 00:00:30 (322 turns).

wojtek the Cleaver (Minotaur Berserker)              Turns: 322, Time: 00:00:30

Health: -1/53      AC:  2    Str: 22    XL:     5   Next: 95%
Magic:  4/4        EV: 12    Int:  4    God:    Trog [**....]
Gold:   162        SH:  0    Dex: 10    Spells: 4/4 levels left

rFire    . . .     SeeInvis .   a - +0 hand axe
rCold    . . .     Gourm    .   (no shield)
rNeg     . . .     Faith    .   b - +0 animal skin
rPois    .         Spirit   .   (helmet restricted)
rElec    .         Reflect  .   (no cloak)
rCorr    .         Harm     .   (no gloves)
MR       .....     NoTele   +   (no boots)
Stlth    +.........             (no amulet)
Regen    0.2/turn               (no ring)
MPRegen  0.1/turn               (no ring)

@: no status effects
A: retaliatory headbutt, horns 2
a: Berserk, Trog's Hand, Burn Spellbooks, Renounce Religion


You were in the Dungeon.
You worshipped Trog.
Trog was pleased with you.
You were not hungry.

You visited 1 branch You collected 162 gold pieces.

Inventory:

Hand Weapons
 a - a +0 hand axe (weapon)
Armour
 b - a +0 animal skin (worn)
Wands
 j - a wand of random effects (15/48)
Scrolls
 i - a scroll of blinking
Potions
 d - a potion of curing
 e - a potion of heal wounds
 f - a potion of haste
 g - 2 potions of magic
 h - a potion of berserk rage
Comestibles
 c - a bread ration


   Skills:
 + Level 8.2 Fighting
 * Level 10.9 Axes
 + Level 7.7 Armour
 - Level 2.1 Dodging


You had 4 spell levels left.
You didn't know any spells.

Dungeon Overview and Level Annotations

Branches:
Dungeon (1/1)

Altars:
Makhleb
Xom
Jiyva
Lugonu


Innate Abilities, Weirdness & Mutations

You reflexively headbutt those who attack you in melee.
You have a pair of horns on your head.


Message History

The slime creature is moderately wounded.
The slime creature barely misses you.
You hit the slime creature. You headbutt the slime creature.
The slime creature is heavily wounded.
You hit the slime creature.
The slime creature is heavily wounded.
The slime creature closely misses you.
You slash the slime creature!
The slime creature is severely wounded.
The slime creature hits you!!
You hit the slime creature but do no damage.
The slime creature is severely wounded.
The slime creature hits you!!
* * * LOW HITPOINT WARNING * * *
You hit the slime creature.
The slime creature is severely wounded.
You hit the slime creature.
The slime creature is severely wounded.
The slime creature hits you.
You die...

###################
#<.#..').#.)'..#__#
#..').#..'..#..@J.+
#..#####'#####+#__#
#..# #..# ### #..#
#### #..# #⌠⌠# ####


You could see a slime creature.

Vanquished Creatures
  Sigmund (D)
  An ogre (D)
  Ijyb (D)
3 creatures vanquished.

Notes
Turn   | Place    | Note
-------+----------+-------------------------------------------
     0 | D        | wojtek the Minotaur Berserker began the quest for the Orb.
     0 | D        | Reached XP level 1. HP: 19/19 MP: 0/0
     1 | D        | Noticed Ijyb
    14 | D        | Killed Ijyb
    14 | D        | Reached skill level 5 in Fighting
    14 | D        | Reached skill level 6 in Axes
    14 | D        | Reached XP level 2. HP: 22/29 MP: 1/1
    86 | D        | Noticed an ogre
    91 | D        | Killed an ogre
    91 | D        | Reached skill level 8 in Axes
    91 | D        | Reached skill level 5 in Armour
    91 | D        | Reached XP level 3. HP: 38/38 MP: 2/2
    91 | D        | Reached XP level 4. HP: 45/45 MP: 3/3
   142 | D        | Noticed Sigmund
   148 | D        | Killed Sigmund
   148 | D        | Reached ** piety under Trog
   148 | D        | Reached skill level 10 in Axes
   148 | D        | Reached XP level 5. HP: 36/53 MP: 4/4
   312 | D        | Found a burning altar of Makhleb.
   312 | D        | Found a viscous altar of Jiyva.
   312 | D        | Found a shimmering altar of Xom.
   312 | D        | Found a corrupted altar of Lugonu.
   312 | D        | Noticed a slime creature
   320 | D        | HP: 2/53 [slime creature (20)]
   322 | D        | Slain by a slime creature

Skill      XL: |  1  2  3  4 |
---------------+-------------+-----
Fighting       | 5 6 8 |  8.2
Axes           | 6 8 10 | 10.9
Armour         | 4 5 7 |  7.7
Dodging        | |  2.1

Action                   |  1- 3 |  4- 6 || total
-------------------------+-------+-------++-------
Melee: Hand axe          |    16 |    12 ||    28
       Headbutt          |     4 |     4 ||     8
Invok: Berserk           |     1 |     1 ||     2
Armor: Animal skin       |     1 |       ||     1
Dodge: Dodged            |     8 |     4 ||    12
